 Dungeon Crawl Stone Soup version 0.27.1-33-g824d729ab1 (webtiles) character file.

Game seed: 7007673407344813421

25 Destapler the Covered (level 2, 0/27 HPs)
             Began as a Minotaur Fighter on Dec 7, 2021.
             Succumbed to an adder's poison
             ... on level 3 of the Dungeon.
             The game lasted 00:01:05 (478 turns).

Destapler the Covered (Minotaur Fighter)             Turns: 478, Time: 00:01:06

Health: 0/27       AC:  7    Str: 20    XL:     2   Next: 86%
Magic:  1/1        EV:  7    Int:  5    God:
Gold:   29         SH:  9    Dex:  9    Spells: 1/1 levels left

rFire    . . .     SeeInvis .   a - +0 war axe
rCold    . . .     Faith    .   c - +0 kite shield
rNeg     . . .     Spirit   .   b - +0 scale mail
rPois    .         Reflect  .   (helmet restricted)
rElec    .         Harm     .   (no cloak)
rCorr    .         Rampage  .   (no gloves)
Will     .....                  (no boots)
Stlth    ..........             (no amulet)
HPRegen  0.09/turn              (no ring)
MPRegen  0.07/turn              (no ring)

@: mighty, lethally poisoned (0 -> -8)
A: horns 2, retaliatory headbutt
a: no special abilities


You were on level 3 of the Dungeon.
You visited 1 branch of the dungeon, and saw 3 of its levels.

You collected 29 gold pieces.

Inventory:

Hand Weapons
 a - a +0 war axe (weapon)
Missiles
 f - 4 boomerangs (quivered)
Armour
 b - a +0 scale mail (worn)
 c - a +0 kite shield (worn)
Scrolls
 e - a scroll of identify
Potions
 d - a potion of might


   Skills:
 + Level 4.0 Fighting
 + Level 2.9 Axes
 + Level 4.0 Armour
 + Level 4.0 Shields


You had one spell level left.
You didn't know any spells.
Your spell library was empty.

Dungeon Overview and Level Annotations

Branches:
Dungeon (3/15)

Altars:

Annotations:
D:2 Robin


Innate Abilities, Weirdness & Mutations

You have a pair of horns on your head.
You reflexively headbutt those who attack you in melee.


Message History

The hobgoblin shouts!
You hear a shout!
You hear an angry hiss.
You see here a +0 ring mail.
You hear the slow rusting of a very distant drain.
The hobgoblin hits you.
You barely miss the hobgoblin.
A goblin comes into view. It is wielding a +0 club.
The hobgoblin hits you but does no damage.
An adder comes into view.
You barely miss the hobgoblin.
The adder hisses angrily.
The hobgoblin barely misses you. You block the hobgoblin's attack.
You slash the hobgoblin!
You kill the hobgoblin!
You see here a hobgoblin corpse.
Found a scroll of identify.
The goblin hits you with a +0 club.
You miss the goblin. Your headbutt misses the goblin.
You block the goblin's attack. The adder bites you.
The goblin hits you with a +0 club.
You slash the goblin!
You kill the goblin!
You closely miss the adder. You block the adder's attack.
The adder bites you but does no damage. You block the adder's attack.
The adder bites you.
You are poisoned.
The adder poisons you!
You see here a +0 club.
You closely miss the adder.
You feel very sick. The adder bites you.
* * * LOW HITPOINT WARNING * * *
The adder bites you.
* * * LOW HITPOINT WARNING * * *
You are more poisoned.
The adder poisons you!
You feel very mighty all of a sudden.
* * * LOW HITPOINT WARNING * * *
You feel sick. You block the adder's attack.
You closely miss the adder. You headbutt the adder!
You kill the adder!
You die...

#............
####....##### ...
#....# ?... #....#
#########....
#....# #...........
#....# #.........#
##....###.....(...#
#.................#
#............@....#
#............†....#
#......[...†......#
#.................#
#.................#
#.................#
#........##########
#........#
##########


There were no monsters in sight!

Vanquished Creatures
  An adder (D:3)
  2 bats
  3 endoplasms
  4 goblins
  6 hobgoblins
  A kobold (D:1)
  3 quokkas
  A rat (D:1)
21 creatures vanquished.

Vanquished Creatures (others)
  4 toadstools (D:1)
4 creatures vanquished.

Grand Total: 25 creatures vanquished

Notes
Turn   | Place    | Note
-------+----------+-------------------------------------------
     0 | D:1      | Destapler the Minotaur Fighter began the quest for the Orb.
     0 | D:1      | Reached XP level 1. HP: 19/19 MP: 0/0
   231 | D:1      | Reached XP level 2. HP: 27/27 MP: 1/1
   387 | D:1      | You fall into a shaft and drop 1 floor!
   406 | D:2      | Noticed Robin
   478 | D:3      | Succumbed to an adder's poison

Illustrated notes

Levels and vault maps discovered:
D:1:      ldierk_walled_garden_2, layout_loops_corners, kennysheep_crisscross,
          hangedman_decor_clover_reticule, st_stairs_2
D:2:      layout_rooms, shapermc_ecumenical_altar_rom_forum, uniq_robin
D:3:      layout_basic, cheibrodos_sewer_entry_bend

Skill      XL: |  1  2 |
---------------+-------+-----
Fighting       | 4 |  4.0
Armour         | 4 |  4.0
Shields        | 4 |  4.0
Axes           | |  2.9

Action                   || total
-------------------------++-------
Melee: War axe           ||    43
       Headbutt          ||     4
  Use: Scroll            ||     1
       Potion            ||     1
Armor: Scale mail        ||    23
Dodge: Dodged            ||    19
Block: Kite shield       ||    25
